 Dungeon Crawl Stone Soup version 0.17-a0-1403-g9df874c (webtiles) character file.

5308 urechis the Fighter (level 10, -2/89 HPs)
             Began as a Merfolk Gladiator on June 20, 2015.
             Was an Initiate of Yredelemnul.
             Slain by a flying skull (8 damage)
             ... on level 9 of the Dungeon.
             The game lasted 00:29:53 (8969 turns).

urechis the Fighter (Merfolk Gladiator)             Turns: 8969, Time: 00:29:53

Health: -2/89      AC:  8    Str: 21    XL:     10   Next: 64%
Magic:  10/10      EV: 27    Int:  8    God:    Yredelemnul [......]
Gold:   489        SH:  6    Dex: 22    Spells: 0 memorised, 9 levels left

rFire  + + .     SeeInvis .     m - +4 trident
rCold  . . .     Clarity  .     b - +0 leather armour
rNeg   . . .     SustAt   .     I - +0 buckler
rPois  .         Gourm    .     i - +1 helmet
rElec  .         Spirit   .     q - +0 cloak
rCorr  .         Warding  .     C - +1 pair of gloves
rMut   .         Stasis   .     (no boots)
MR     .....                    (no amulet)
Stlth  +++.......               G - ring of protection from fire
                                M - ring of protection from fire

@: mighty, agile, not resistant to hostile enchantments, fairly stealthy
A: change form in water, swift swim
a: Renounce Religion


You were on level 9 of the Dungeon.
You worshipped Yredelemnul.
Yredelemnul was noncommittal.
You were near starving.

You visited 2 branches of the dungeon, and saw 10 of its levels.
You also visited: Sewer.

You collected 489 gold pieces.

Inventory:

Hand weapons
 m - a +4 trident (weapon)
Missiles
 e - 3 throwing nets (quivered)
Armour
 b - a +0 leather armour (worn)
 i - a +1 helmet (worn)
 q - a +0 cloak (worn)
 C - a +1 pair of gloves (worn)
 I - a +0 buckler (worn)
Jewellery
 w - an uncursed ring of positive energy
 G - a ring of protection from fire (right hand)
 M - a ring of protection from fire (left hand)
Magical devices
 E - a wand of teleportation (4)
Scrolls
 a - 4 scrolls of fear
 c - 3 scrolls of enchant weapon {unknown}
 f - 2 scrolls of amnesia {unknown}
 h - 2 scrolls of remove curse
 l - a scroll of random uselessness {unknown}
 p - a scroll of noise {unknown}
 s - a scroll of vulnerability {unknown}
 t - 4 scrolls of blinking
 u - 8 scrolls of teleportation
 v - 4 scrolls of recharging
 x - a scroll of immolation {unknown}
 y - 3 scrolls of enchant armour {unknown}
Potions
 j - a potion of cure mutation {unknown}
 k - a potion of agility
 r - 2 potions of curing
 A - a potion of degeneration {unknown}
 B - a potion of flight {unknown}
 D - a potion of magic {unknown}
 F - a potion of might
 K - a potion of berserk rage {unknown}
 L - a potion of cancellation {unknown}
 N - a potion of lignification {unknown}
Comestibles
 d - 6 bread rations
 g - 6 meat rations
 n - 2 royal jellies
 z - a slice of pizza
 H - a beef jerky
 J - 2 fruits


   Skills:
 * Level 12.0 Fighting
 - Level 10.0 Polearms
 - Level 2.0 Throwing
 - Level 0.3 Armour
 + Level 10.5 Dodging
 - Level 4.4 Shields


You had 9 spell levels left.
You didn't know any spells.

Dungeon Overview and Level Annotations

Branches:
Dungeon (9/15)             Temple (1/1) D:4            Lair (0/8) D:8
    Orc: D:9-12

Altars:
Ashenzari
Cheibriados
Dithmenos
Elyvilon
Fedhas
Gozag
Kikubaaqudgha
Makhleb
Nemelex Xobeh
Okawaru
Qazlal
Ru
Sif Muna
Trog
Vehumet
Xom
Yredelemnul
Zin
The Shining One
Lugonu

Shops:
D:9 *

Annotations:
D:9 Josephine


Message History

Press: ? - help, Dir - move target cursor, f/p - skeletal warrior
Aim: a skeletal warrior, wielding an enchanted glaive (moderately damaged)
You reach to attack!
You closely miss the skeletal warrior.
The skeletal warrior is moderately damaged.
Drink which item? (? for menu, Esc to quit)
It was a potion of might.
You feel very mighty all of a sudden. The flying skull misses you.
The skeletal warrior hits you from afar with an enchanted glaive!
* * * LOW HITPOINT WARNING * * *
The necrophage skeleton hits you.
* * * LOW HITPOINT WARNING * * *
You block the flying skull's attack.
Attack whom?
Press: ? - help, Dir - move target cursor, f/p - skeletal warrior
Aim: a skeletal warrior, wielding an enchanted glaive (moderately damaged)
The necrophage skeleton is in the way.
You puncture the necrophage skeleton! The flying skull hits you!
You die...
Your body rises from the dead as a mindless zombie.

####.#
.#.###.#.......#.# #
#.........#.#
###.#####.#'##
#.##...)...#
..##.......#
########.......#
.)..._.'.......#
.##############.......#
.......nn@zZ@z'.......#
#######Z#######.......#
#..n.n.Z# #.......#
#..ZZ...# #.......# #
#.@###### ######### #Z
#.Z# #.#..#.# #.Zz.#
##.n##


You could see Josephine, a skeletal warrior, 2 necrophages, a flying skull, a
hound skeleton and a necrophage skeleton.

Vanquished Creatures
  A fire drake (D:8)
  Prince Ribbit (D:5)
  A flying skull (D:9)
  A deep elf mage (D:9)
  2 wyverns
  The ghost of Fluffy the Slasher, an average DsGl (D:4)
  An orc warrior (D:7)
  Purgy (Sewer)
  4 ice beasts
  A phantom (D:8)
  2 sky beasts
  3 black bears
  3 centaurs
  5 ogres
  2 necrophages
  3 giant frogs
  A big kobold (D:8)
  Blork the orc (D:5)
  4 scorpions
  4 wights (D:8)
  6 killer bees (D:9)
  6 crimson imps
  2 orc priests (D:7)
  5 hounds
  Crazy Yiuf (D:2)
  A giant frog zombie (D:5)
  2 iguanas
  2 jellies (D:4)
  2 orc wizards
  Terence (D:2)
  A giant frog skeleton (D:9)
  2 worker ants
  2 hound skeletons
  Robin (D:2)
  4 gnolls
  2 worker ant zombies (D:9)
  16 adders
  A river rat (D:3)
  5 shadow imps (D:5)
  3 adder skeletons
  An adder zombie (D:6)
  4 worms
  9 giant geckos
  29 orcs
  19 bats
  3 bat skeletons
  A bat zombie (D:5)
  8 giant cockroaches
  27 hobgoblins
  6 jackals
  27 kobolds
  7 ball pythons
  2 giant newts
  18 goblins
  3 quokkas
  A quokka skeleton (D:6)
  14 rats
286 creatures vanquished.

Notes
Turn   | Place    | Note
--------------------------------------------------------------
     0 | D:1      | urechis the Merfolk Gladiator began the quest for the Orb.
     0 | D:1      | Reached XP level 1. HP: 16/16 MP: 1/1
    58 | D:1      | Reached skill level 5 in Polearms
    67 | D:1      | Reached XP level 2. HP: 1/22 MP: 2/2
   536 | D:1      | Reached skill level 6 in Polearms
   536 | D:1      | Reached XP level 3. HP: 17/27 MP: 3/3
  1065 | D:2      | Noticed Terence
  1079 | D:2      | Killed Terence
  1079 | D:2      | Reached skill level 7 in Polearms
  1079 | D:2      | Reached XP level 4. HP: 30/33 MP: 4/4
  1222 | D:2      | Noticed Robin
  1233 | D:2      | HP: 1/33 [Robin/enchanted trident (8)]
  1237 | D:2      | Killed Robin
  1436 | D:2      | Noticed Crazy Yiuf
  1451 | D:2      | Killed Crazy Yiuf
  1451 | D:2      | Reached skill level 8 in Polearms
  1451 | D:2      | Reached XP level 5. HP: 28/38 MP: 5/5
  2155 | D:3      | Found a glowing drain.
  2170 | D:3      | Found a faded altar to an unknown god.
  2178 | Sewer    | Entered a sewer
  2192 | Sewer    | Reached skill level 9 in Polearms
  2280 | Sewer    | Noticed Purgy
  2286 | Sewer    | Killed Purgy
  2286 | Sewer    | Reached XP level 6. HP: 34/44 MP: 6/6
  2540 | D:3      | Reached skill level 10 in Polearms
  2938 | D:4      | Noticed Fluffy's ghost (average DsGl)
  2969 | D:4      | Killed Fluffy's ghost
  2969 | D:4      | Reached skill level 5 in Dodging
  2969 | D:4      | Reached XP level 7. HP: 30/53 MP: 7/7
  3300 | D:4      | Found a radiant altar of Vehumet.
  3373 | D:4      | Found a shadowy altar of Dithmenos.
  3498 | D:4      | Found a staircase to the Ecumenical Temple.
  3504 | Temple   | Entered the Ecumenical Temple
  3568 | D:4      | Found an iron altar of Okawaru.
  3782 | D:5      | Entered Level 5 of the Dungeon
  4034 | D:5      | Reached skill level 5 in Fighting
  4038 | D:5      | Noticed Prince Ribbit
  4090 | D:5      | Found a white marble altar of Elyvilon.
  4090 | D:5      | Found a snail-covered altar of Cheibriados.
  4125 | D:5      | Noticed Blork the orc
  4146 | D:5      | Killed Blork the orc
  4146 | D:5      | Reached XP level 8. HP: 48/64 MP: 8/8
  4440 | D:5      | Killed Prince Ribbit
  5096 | D:5      | Found a bloodstained altar of Trog.
  5278 | D:6      | Reached skill level 1 in Shields
  5433 | D:6      | Reached XP level 9. HP: 63/75 MP: 9/9
  7109 | D:8      | Reached skill level 10 in Fighting
  7315 | D:8      | Found a burning altar of Makhleb.
  7321 | D:8      | Reached XP level 10. HP: 84/86 MP: 10/10
  7573 | D:8      | Noticed a fire drake
  7587 | D:8      | Killed a fire drake
  7587 | D:8      | Reached skill level 11 in Fighting
  7594 | D:8      | Found a staircase to the Lair.
  7660 | D:8      | Found a glowing silver altar of Zin.
  7663 | D:8      | Found a shattered altar of Ashenzari.
  7668 | D:8      | Found an opulent altar of Gozag.
  7671 | D:8      | Found a sacrificial altar of Ru.
  8023 | D:8      | Reached skill level 10 in Dodging
  8258 | D:9      | Found a basalt altar of Yredelemnul.
  8261 | D:9      | Became a worshipper of Yredelemnul the Dark
  8817 | D:9      | Found Vone's Assorted Antiques.
  8859 | D:9      | Found an ancient bone altar of Kikubaaqudgha.
  8892 | D:9      | Noticed Josephine
  8895 | D:9      | Noticed a skeletal warrior
  8936 | D:9      | Reached skill level 12 in Fighting
  8969 | D:9      | Slain by a flying skull

Vault maps used:
D:1:      dpeg_arrival_windows_large_door
D:2:      first_bread, uniq_crazy_yiuf_cottage, uniq_terence, uniq_robin
D:3:      ecumenical_altar_1, portal_sewer_entry_a, minmay_snake_closets
D:4:      lemuel_crystal_altar, grunt_dithmenos_smoke_and_mirrors,
          minmay_temple_entry_enclosed_plants, okawaru_metal_pillars_3
D:5:      corexii_shantytown, minitemple, lightli_temple_of_fire,
          uniq_prince_ribbit1, uniq_blork_the_orc
D:8:      black_bear_nest_1, grunt_temple_overflow_cloverleaf,
          makhleb_blood_cavern_becter, minmay_lair_entry_lava
D:9:      hangedman_screamer, kennysheep_mini_moat, overflow_temple_1_default,
          serial_shops, shop
Temple:   corrupted_temple
Sewer:    kennysheep_door_sewer

Action                   |  1- 3 |  4- 6 |  7- 9 | 10-12 || total
-------------------------+-------+-------+-------+-------++-------
Melee: Trident           |   113 |   224 |   508 |   255 ||  1100
Throw: Throwing net      |       |     1 |     2 |       ||     3
  Use: Potion            |       |     1 |       |     5 ||     6
       Scroll            |       |     2 |     7 |     2 ||    11
 Stab: Sleeping          |     3 |     7 |     6 |     1 ||    17
       Held in net/web   |       |     1 |       |       ||     1
       Distracted        |       |       |     1 |       ||     1
  Eat: Chunk             |       |     7 |    12 |     3 ||    22
       Royal jelly       |       |       |     1 |       ||     1
       Fruit             |       |       |       |     1 ||     1
